TOP OF THE 1ST |
Niagara Falls Expos batting - Pitching for Kennesaw Jets : RHP Gonzalo Granados
|
Pitching: RHP Gonzalo Granados
|
|
Batting: RHB Rodrigo Velasco
|
0-0: Called Strike 0-1: Swinging Strike 0-2: Strikes out swinging
|
Batting: RHB Barkley B. Cooltimes
|
0-0: Ball 1-0: Ground out 3-1 (Groundball, 34S)
|
Batting: LHB Manny Valentín
|
0-0: Ground out 4-3 (Groundball, 4)
|
Top of the 1st over - 0 run(s), 0 hit(s), 0 error(s), 0 left on base; Niagara Falls 0 - Kennesaw 0 |
BOTTOM OF THE 1ST |
Kennesaw Jets batting - Pitching for Niagara Falls Expos : RHP Jurgen Sagebrecht
|
Pitching: RHP Jurgen Sagebrecht
|
|
Batting: RHB Raúl Guerrero
|
0-0: Ball 1-0: Called Strike 1-1: Ground out 5-3 (Groundball, 56S)
|
Batting: RHB Carlos Soto
|
0-0: Called Strike 0-1: Ball 1-1: SINGLE (Groundball, 56D)
|
Batting: RHB Miguel Angel González
|
0-0: Ball 1-0: Ball 2-0: Called Strike 2-1: Ground out 4-3 (Groundball, 4M) Carlos Soto to second
|
Batting: RHB Leroy Rijerkerk
|
0-0: Ball 1-0: Ball 2-0: Ball 3-0: Called Strike 3-1: Called Strike 3-2: Strikes out looking
|
Bottom of the 1st over - 0 run(s), 1 hit(s), 0 error(s), 1 left on base; Niagara Falls 0 - Kennesaw 0 |
TOP OF THE 2ND |
Niagara Falls Expos batting - Pitching for Kennesaw Jets : RHP Gonzalo Granados
|
Batting: RHB Tony Martínez
|
0-0: Swinging Strike 0-1: Foul Ball, location: 2F 0-2: Strikes out swinging
|
Batting: RHB José Rodríguez
|
0-0: Fly out, F9 (Flyball, 9LS)
|
Batting: RHB Xing-li Wang
|
0-0: Ball 1-0: Called Strike 1-1: Ball 2-1: Ground out 5-3 (Groundball, 56)
|
Top of the 2nd over - 0 run(s), 0 hit(s), 0 error(s), 0 left on base; Niagara Falls 0 - Kennesaw 0 |
BOTTOM OF THE 2ND |
Kennesaw Jets batting - Pitching for Niagara Falls Expos : RHP Jurgen Sagebrecht
|
Batting: LHB Nelson Martínez
|
0-0: Called Strike 0-1: Foul Ball, location: 2F 0-2: Ball 1-2: SINGLE (Groundball, 34D)
|
Batting: RHB José Ramos
|
0-0: Ball 1-0: Called Strike 1-1: Fielders Choice at 2nd, 6-4 (Groundball, 6)
|
Batting: RHB Abdul-Fattah bin Najjar
|
0-0: Ball 1-0: Ball 2-0: Grounds into double play, 6-4-3 (Groundball, 6)
|
Bottom of the 2nd over - 0 run(s), 1 hit(s), 0 error(s), 0 left on base; Niagara Falls 0 - Kennesaw 0 |
TOP OF THE 3RD |
Niagara Falls Expos batting - Pitching for Kennesaw Jets : RHP Gonzalo Granados
|
Batting: RHB Nelson Torez
|
0-0: Called Strike 0-1: Foul Ball, location: 2F 0-2: Ball 1-2: Ball 2-2: Fly out, F8 (Line Drive, 8LM)
|
Batting: RHB Luis Rodríguez
|
0-0: Ball 1-0: Foul Ball, location: 2F 1-1: Ball 2-1: Foul Ball, location: 2F 2-2: Fly out, F3 (Popup, 3F)
|
Batting: RHB António Gonzáles
|
0-0: Called Strike 0-1: Ball 1-1: Called Strike 1-2: Strikes out looking
|
Top of the 3rd over - 0 run(s), 0 hit(s), 0 error(s), 0 left on base; Niagara Falls 0 - Kennesaw 0 |
BOTTOM OF THE 3RD |
Kennesaw Jets batting - Pitching for Niagara Falls Expos : RHP Jurgen Sagebrecht
|
Batting: RHB Clarence Therrien
|
0-0: Ball 1-0: SINGLE (Groundball, 4D) (infield hit)
|
Batting: SHB Juan Torres
|
0-0: Ball 1-0: Foul Ball, location: 2F 1-1: Foul Ball, location: 2F 1-2: Fly out, F5 (Popup, 5SF)
|
Batting: RHB Raúl Guerrero
|
0-0: Ball 1-0: Foul Ball, location: 2F 1-1: Foul Ball, location: 2F 1-2: Foul Ball, location: 2F 1-2: Ball 2-2: Fielders Choice at 2nd, 6-4 (Groundball, 6M)
|
Batting: RHB Carlos Soto
|
0-0: Fly out, F7 (Flyball, 7M)
|
Bottom of the 3rd over - 0 run(s), 1 hit(s), 0 error(s), 1 left on base; Niagara Falls 0 - Kennesaw 0 |
TOP OF THE 4TH |
Niagara Falls Expos batting - Pitching for Kennesaw Jets : RHP Gonzalo Granados
|
Batting: RHB Rodrigo Velasco
|
0-0: Called Strike 0-1: Ball 1-1: Foul Ball, location: 2F 1-2: Ball 2-2: Ball 3-2: Strikes out swinging
|
Batting: RHB Barkley B. Cooltimes
|
0-0: Ball 1-0: Swinging Strike 1-1: Swinging Strike 1-2: Strikes out looking
|
Batting: LHB Manny Valentín
|
0-0: Foul Ball, location: 2F 0-1: Ball 1-1: Ball 2-1: Called Strike 2-2: Foul Ball, location: 2F 2-2: SINGLE (Line Drive, 9S)
|
Batting: RHB Tony Martínez
|
0-0: Ball Manny Valentín steals 2nd base 1-0: Called Strike 1-1: Called Strike 1-2: Foul Ball, location: 2F 1-2: Strikes out swinging
|
Top of the 4th over - 0 run(s), 1 hit(s), 0 error(s), 1 left on base; Niagara Falls 0 - Kennesaw 0 |
BOTTOM OF THE 4TH |
Kennesaw Jets batting - Pitching for Niagara Falls Expos : RHP Jurgen Sagebrecht
|
Batting: RHB Miguel Angel González
|
0-0: Ball 1-0: Foul Ball, location: 2F 1-1: Ball 2-1: SINGLE (Line Drive, 89M)
|
Batting: RHB Leroy Rijerkerk
|
0-0: SINGLE (Groundball, 56) Miguel Angel González to second
|
Batting: LHB Nelson Martínez
|
0-0: Called Strike 0-1: Grounds into double play, 6-4-3 (Groundball, 6M) Miguel Angel González to third
|
Batting: RHB José Ramos
|
0-0: Fly out, F9 (Popup, 4D)
|
Bottom of the 4th over - 0 run(s), 2 hit(s), 0 error(s), 1 left on base; Niagara Falls 0 - Kennesaw 0 |
TOP OF THE 5TH |
Niagara Falls Expos batting - Pitching for Kennesaw Jets : RHP Gonzalo Granados
|
Batting: RHB José Rodríguez
|
0-0: Ball 1-0: Ball 2-0: Fly out, F8 (Flyball, 8LM)
|
Batting: RHB Xing-li Wang
|
0-0: Called Strike 0-1: Ball 1-1: Ball 2-1: Foul Ball, location: 2F 2-2: Foul Ball, location: 2F 2-2: Foul Ball, location: 2F 2-2: Ball 3-2: Strikes out swinging
|
Batting: RHB Nelson Torez
|
0-0: Ball 1-0: Called Strike 1-1: Ball 2-1: Foul Ball, location: 2F 2-2: Strikes out swinging
|
Top of the 5th over - 0 run(s), 0 hit(s), 0 error(s), 0 left on base; Niagara Falls 0 - Kennesaw 0 |
BOTTOM OF THE 5TH |
Kennesaw Jets batting - Pitching for Niagara Falls Expos : RHP Jurgen Sagebrecht
|
Batting: RHB Abdul-Fattah bin Najjar
|
0-0: Fly out, F4 (Popup, 34D)
|
Batting: RHB Clarence Therrien
|
0-0: Ball 1-0: Called Strike 1-1: Swinging Strike 1-2: SINGLE (Line Drive, 89S)
|
Batting: SHB Juan Torres
|
0-0: Grounds into double play, 6-4-3 (Groundball, 6)
|
Bottom of the 5th over - 0 run(s), 1 hit(s), 0 error(s), 0 left on base; Niagara Falls 0 - Kennesaw 0 |
TOP OF THE 6TH |
Niagara Falls Expos batting - Pitching for Kennesaw Jets : RHP Gonzalo Granados
|
Batting: RHB Luis Rodríguez
|
0-0: Foul Ball, location: 2F 0-1: Ball 1-1: SINGLE (Line Drive, 4D)
|
Batting: RHB António Gonzáles
|
0-0: Bunted foul 0-1: Bunted foul 0-2: Ball 1-2: Ball 2-2: Ball 3-2: Foul Ball, location: 2F 3-2: Foul Ball, location: 2F 3-2: Fly out, F7 (Flyball, 78M)
|
Batting: RHB Rodrigo Velasco
|
0-0: Ball 1-0: Fly out, F6 (Line Drive, 56)
|
Batting: RHB Barkley B. Cooltimes
|
0-0: Called Strike 0-1: Fielders Choice at 2nd, 6-4 (Groundball, 56)
|
Top of the 6th over - 0 run(s), 1 hit(s), 0 error(s), 0 left on base; Niagara Falls 0 - Kennesaw 0 |
BOTTOM OF THE 6TH |
Kennesaw Jets batting - Pitching for Niagara Falls Expos : RHP Jurgen Sagebrecht
|
Batting: RHB Raúl Guerrero
|
0-0: Ball 1-0: SINGLE (Groundball, 34D)
|
Batting: RHB Carlos Soto
|
0-0: Sac Bunt - play at first, batter OUT! 1-4 Raúl Guerrero to second
|
Batting: RHB Miguel Angel González
|
0-0: Ball 1-0: Swinging Strike 1-1: Ball 2-1: Called Strike 2-2: Ball 3-2: Base on Balls
|
Batting: RHB Leroy Rijerkerk
|
0-0: Grounds into double play, 6-4-3 (Groundball, 6M)
|
Bottom of the 6th over - 0 run(s), 1 hit(s), 0 error(s), 1 left on base; Niagara Falls 0 - Kennesaw 0 |
TOP OF THE 7TH |
Niagara Falls Expos batting - Pitching for Kennesaw Jets : RHP Gonzalo Granados
|
Batting: LHB Manny Valentín
|
0-0: Ball 1-0: Swinging Strike 1-1: Ball 2-1: Swinging Strike 2-2: Ball 3-2: Fly out, F7 (Flyball, 78M)
|
Pinch Hitting: RHB António Jiménez
|
0-0: Ground out 5-3 (Groundball, 5S)
|
Pinch Hitting: RHB John Thompson
|
0-0: Foul Ball, location: 2F 0-1: Swinging Strike 0-2: Ball 1-2: Strikes out swinging
|
Top of the 7th over - 0 run(s), 0 hit(s), 0 error(s), 0 left on base; Niagara Falls 0 - Kennesaw 0 |
TOP OF THE 8TH |
Niagara Falls Expos batting - Pitching for Kennesaw Jets : RHP Gonzalo Granados
|
Now in CF: Jim Unknown
|
|
Pinch Hitting: LHB Jorge Borbón
|
0-0: Called Strike 0-1: Called Strike 0-2: Foul Ball, location: 2F 0-2: Strikes out swinging
|
Pinch Hitting: RHB Víctor García
|
0-0: Ball 1-0: Ball 2-0: SINGLE (Groundball, 15) (infield hit)
|
Pinch Runner at 1st José Mejía:
|
|
Pinch Hitting: RHB Henry Womack
|
0-0: Called Strike José Mejía steals 2nd base 0-1: Ball 1-1: Ball 2-1: DOUBLE (Line Drive, 5D) José Mejía scores
|
Batting: RHB António Gonzáles
|
0-0: Called Strike 0-1: Ball 1-1: Foul Ball, location: 2F 1-2: Strikes out swinging
|
Batting: RHB Rodrigo Velasco
|
0-0: Called Strike 0-1: Fly out, F8 (Line Drive, 8RM)
|
Top of the 8th over - 1 run(s), 2 hit(s), 0 error(s), 1 left on base; Niagara Falls 1 - Kennesaw 0 |
BOTTOM OF THE 8TH |
Kennesaw Jets batting - Pitching for Niagara Falls Expos : RHP Jurgen Sagebrecht
|
Now at 1B: Henry Womack
|
|
Now at 2B: José Mejía
|
|
Now in LF: Jorge Borbón
|
|
Batting: SHB Juan Torres
|
0-0: Ball 1-0: Called Strike 1-1: Fly out, F8 (Popup, 8LS)
|
Batting: RHB Raúl Guerrero
|
0-0: Called Strike 0-1: Called Strike 0-2: Fly out, F6 (Popup, 6M)
|
Batting: RHB Carlos Soto
|
0-0: Foul Ball, location: 2F 0-1: Ball 1-1: SINGLE (Line Drive, 78S)
|
Batting: RHB Miguel Angel González
|
0-0: Ball 1-0: Ball 2-0: Ball 3-0: Base on Balls Carlos Soto to second
|
Pinch Hitting: RHB Artie Miller
|
0-0: Fly out, F6 (Popup, 6)
|
Bottom of the 8th over - 0 run(s), 1 hit(s), 0 error(s), 2 left on base; Niagara Falls 1 - Kennesaw 0 |
TOP OF THE 9TH |
Niagara Falls Expos batting - Pitching for Kennesaw Jets : RHP Gonzalo Granados
|
Pitching: RHP Will O'Slattery
|
|
Now in LF: Fernando Jiménez
|
|
Batting: RHB Barkley B. Cooltimes
|
0-0: Foul Ball, location: 2F 0-1: Foul Ball, location: 2F 0-2: Strikes out swinging
|
Batting: LHB Manny Valentín
|
0-0: SINGLE (Groundball, 4MD)
|
Batting: RHB António Jiménez
|
0-0: Ball 1-0: Fly out, F8 (Flyball, 8LM)
|
Batting: SHB Orlando Miranda
|
0-0: Called Strike 0-1: Swinging Strike 0-2: Fly out, F8 (Flyball, 8RM)
|
Top of the 9th over - 0 run(s), 1 hit(s), 0 error(s), 1 left on base; Niagara Falls 1 - Kennesaw 0 |
BOTTOM OF THE 9TH |
Kennesaw Jets batting - Pitching for Niagara Falls Expos : RHP Jurgen Sagebrecht
|
Now at SS: Manny Araújo
|
|
Batting: LHB Nelson Martínez
|
0-0: Ball 1-0: Foul Ball, location: 2F 1-1: Ball 2-1: Foul Ball, location: 2F 2-2: DOUBLE (Flyball, 8RM)
|
Batting: LHB Jim Unknown
|
0-0: Called Strike 0-1: SINGLE (Line Drive, 4M) Nelson Martínez to third Runner from 3rd tries for Home, SAFE, no throw or cutoff
|
Pitching: RHP Jim Unknown
|
|
Batting: RHB Abdul-Fattah bin Najjar
|
0-0: Ball 1-0: Sac Bunt - play at first, batter OUT! 2-4 Jim Unknown to second
|
Batting: RHB Clarence Therrien
|
0-0: Intentional Walk
|
Pinch Hitting: RHB Raúl Javier Jr.
|
0-0: Called Strike 0-1: Ball Jim Unknown steals 3rd base Clarence Therrien to second 1-1: Intentional Walk
|
Batting: RHB Raúl Guerrero
|
0-0: Ball 1-0: Ball 2-0: Ball 3-0: Called Strike 3-1: Foul Ball, location: 2F 3-2: Strikes out swinging
|
Pinch Hitting: RHB Andrés Sánchez
|
0-0: Foul Ball, location: 2F 0-1: Called Strike 0-2: Ground out 4-3 (Groundball, 4)
|
Bottom of the 9th over - 1 run(s), 2 hit(s), 0 error(s), 3 left on base; Niagara Falls 1 - Kennesaw 1 |
TOP OF THE 10TH |
Niagara Falls Expos batting - Pitching for Kennesaw Jets : RHP Will O'Slattery
|
Now at 1B: Raúl Javier Jr.
|
|
Now at 3B: Carlos Ávila
|
|
Batting: LHB Jorge Borbón
|
0-0: Called Strike 0-1: Called Strike 0-2: Ground out 3-1 (Groundball, 34)
|
Pinch Hitting: LHB Ramón Gómez
|
0-0: Ball 1-0: Ball 2-0: Called Strike 2-1: Foul Ball, location: 2F 2-2: Fly out, F4 (Popup, 4)
|
Batting: RHB Henry Womack
|
0-0: Swinging Strike 0-1: Ball 1-1: Swinging Strike 1-2: Strikes out looking
|
Top of the 10th over - 0 run(s), 0 hit(s), 0 error(s), 0 left on base; Niagara Falls 1 - Kennesaw 1 |
BOTTOM OF THE 10TH |
Kennesaw Jets batting - Pitching for Niagara Falls Expos : RHP Jim Unknown
|
Now at 2B: Ramón Gómez
|
|
Batting: RHB Miguel Angel González
|
0-0: Ball 1-0: Fly out, F7 (Line Drive, 7M)
|
Pinch Hitting: RHB Brandon McCullough
|
0-0: Ball 1-0: Called Strike 1-1: Foul Ball, location: 2F 1-2: Strikes out swinging
|
Batting: LHB Nelson Martínez
|
0-0: Ball 1-0: Ball 2-0: Ball 3-0: Base on Balls
|
Batting: LHB Jim Unknown
|
0-0: Called Strike 0-1: Ball 1-1: Ground out 4-3 (Groundball, 34)
|
Bottom of the 10th over - 0 run(s), 0 hit(s), 0 error(s), 1 left on base; Niagara Falls 1 - Kennesaw 1 |
TOP OF THE 11TH |
Niagara Falls Expos batting - Pitching for Kennesaw Jets : RHP Will O'Slattery
|
Pitching: RHP Ángel Rivera
|
|
Now in LF: Juan Sandoval
|
|
Batting: RHB António Gonzáles
|
0-0: Called Strike 0-1: Swinging Strike 0-2: Strikes out looking
|
Batting: RHB Rodrigo Velasco
|
0-0: Ball 1-0: Ball 2-0: Ball 3-0: Called Strike 3-1: Called Strike 3-2: Strikes out swinging
|
Pinch Hitting: RHB Ron Doyle
|
0-0: Ball 1-0: Swinging Strike 1-1: Ball 2-1: Ground out 1-3 (Groundball, 23)
|
Top of the 11th over - 0 run(s), 0 hit(s), 0 error(s), 0 left on base; Niagara Falls 1 - Kennesaw 1 |
BOTTOM OF THE 11TH |
Kennesaw Jets batting - Pitching for Niagara Falls Expos : RHP Jim Unknown
|
Pitching: LHP Jim Unknown
|
|
Now at SS: Janghyun Sam
|
|
Batting: RHB Abdul-Fattah bin Najjar
|
0-0: Ball 1-0: Called Strike 1-1: Ball 2-1: Ball 3-1: Base on Balls
|
Batting: RHB Clarence Therrien
|
0-0: Bunted foul 0-1: Ball 1-1: Bunt missed! 1-2: Foul Ball, location: 2F 1-2: Ball 2-2: Foul Ball, location: 2F 2-2: Foul Ball, location: 2F 2-2: Fielders Choice at 2nd, 1-6 (Groundball, 25)
|
Batting: RHB Raúl Javier Jr.
|
0-0: Called Strike 0-1: Called Strike 0-2: Ball 1-2: SINGLE (Groundball, 13) (infield hit) Clarence Therrien to second
|
Batting: RHB Raúl Guerrero
|
0-0: Called Strike 0-1: Foul Ball, location: 2F 0-2: Ball 1-2: Ball 2-2: Ball 3-2: Foul Ball, location: 2F 3-2: Foul Ball, location: 2F 3-2: Strikes out swinging
|
Batting: RHB Carlos Ávila
|
0-0: Ground out 5-3 (Groundball, 5D)
|
Bottom of the 11th over - 0 run(s), 1 hit(s), 0 error(s), 2 left on base; Niagara Falls 1 - Kennesaw 1 |
TOP OF THE 12TH |
Niagara Falls Expos batting - Pitching for Kennesaw Jets : RHP Ángel Rivera
|
Batting: LHB Manny Valentín
|
0-0: Foul Ball, location: 2F 0-1: Ball 1-1: Called Strike 1-2: Ball 2-2: Foul Ball, location: 2F 2-2: Ball 3-2: Foul Ball, location: 2F 3-2: Strikes out swinging
|
Batting: RHB António Jiménez
|
0-0: Foul Ball, location: 2F 0-1: Foul Ball, location: 2F 0-2: SINGLE (Flyball, 8LS)
|
Batting: SHB Orlando Miranda
|
0-0: Ball 1-0: Fly out, F2 (Popup, 2LF)
|
Batting: LHB Jorge Borbón
|
0-0: Called Strike 0-1: Called Strike 0-2: Ball 1-2: Strikes out swinging
|
Top of the 12th over - 0 run(s), 1 hit(s), 0 error(s), 1 left on base; Niagara Falls 1 - Kennesaw 1 |
BOTTOM OF THE 12TH |
Kennesaw Jets batting - Pitching for Niagara Falls Expos : LHP Jim Unknown
|
Batting: RHB Miguel Angel González
|
0-0: Ball 1-0: Ball 2-0: Called Strike 2-1: Ball 3-1: Ground out 1-3 (Groundball, 25)
|
Batting: RHB Juan Sandoval
|
0-0: Swinging Strike 0-1: Foul Ball, location: 2F 0-2: Ball 1-2: Foul Ball, location: 2F 1-2: Strikes out swinging
|
Batting: LHB Nelson Martínez
|
0-0: Swinging Strike 0-1: SINGLE (Groundball, 4)
|
Batting: LHB Jim Unknown
|
0-0: Foul Ball, location: 2F 0-1: Ball 1-1: Ball 2-1: Ball 3-1: Fielders Choice at 2nd, U6 (Groundball, 6M)
|
Bottom of the 12th over - 0 run(s), 1 hit(s), 0 error(s), 1 left on base; Niagara Falls 1 - Kennesaw 1 |
TOP OF THE 13TH |
Niagara Falls Expos batting - Pitching for Kennesaw Jets : RHP Ángel Rivera
|
Batting: LHB Ramón Gómez
|
0-0: Ball 1-0: Ball 2-0: Called Strike 2-1: Foul Ball, location: 2F 2-2: Foul Ball, location: 2F 2-2: Ball 3-2: Strikes out swinging
|
Batting: RHB Henry Womack
|
0-0: Ball 1-0: SINGLE (Groundball, 56D)
|
Batting: RHB António Gonzáles
|
0-0: Called Strike 0-1: Foul Ball, location: 2F 0-2: Ball 1-2: Grounds into double play, 4-6-3 (Groundball, 4)
|
Top of the 13th over - 0 run(s), 1 hit(s), 0 error(s), 0 left on base; Niagara Falls 1 - Kennesaw 1 |
BOTTOM OF THE 13TH |
Kennesaw Jets batting - Pitching for Niagara Falls Expos : LHP Jim Unknown
|
Batting: RHB Abdul-Fattah bin Najjar
|
0-0: Ball 1-0: Foul Ball, location: 2F 1-1: Ball 2-1: Foul Ball, location: 2F 2-2: Ball 3-2: Foul Ball, location: 2F 3-2: Base on Balls
|
Batting: RHB Clarence Therrien
|
0-0: Sac Bunt - play at first, batter OUT! 5-4 Abdul-Fattah bin Najjar to second
|
Batting: RHB Raúl Javier Jr.
|
0-0: Ball 1-0: Called Strike 1-1: Ball 2-1: Ball 3-1: Base on Balls
|
Batting: RHB Raúl Guerrero
|
0-0: Ball 1-0: Called Strike 1-1: Called Strike 1-2: Ball 2-2: Strikes out looking
|
Pitching: RHP Jim Unknown
|
|
Batting: RHB Carlos Ávila
|
0-0: Fly out, F8 (Flyball, 8RXD)
|
Bottom of the 13th over - 0 run(s), 0 hit(s), 0 error(s), 2 left on base; Niagara Falls 1 - Kennesaw 1 |
TOP OF THE 14TH |
Niagara Falls Expos batting - Pitching for Kennesaw Jets : RHP Ángel Rivera
|
Batting: RHB Rodrigo Velasco
|
0-0: Fly out, F7 (Flyball, 7M)
|
Batting: SHB Janghyun Sam
|
0-0: Foul Ball, location: 2F 0-1: Ball 1-1: Swinging Strike 1-2: Foul Ball, location: 2F 1-2: Strikes out swinging
|
Batting: LHB Manny Valentín
|
0-0: Ball 1-0: SINGLE (Flyball, 8RS)
|
Batting: RHB António Jiménez
|
0-0: Ball 1-0: Ball 2-0: Ball 3-0: Called Strike 3-1: Foul Ball, location: 2F 3-2: Strikes out swinging
|
Top of the 14th over - 0 run(s), 1 hit(s), 0 error(s), 1 left on base; Niagara Falls 1 - Kennesaw 1 |
BOTTOM OF THE 14TH |
Kennesaw Jets batting - Pitching for Niagara Falls Expos : RHP Jim Unknown
|
Batting: RHB Miguel Angel González
|
0-0: Fly out, F9 (Flyball, 9M)
|
Batting: RHB Juan Sandoval
|
0-0: Fly out, F8 (Flyball, 8RM)
|
Batting: LHB Nelson Martínez
|
0-0: SINGLE (Flyball, 8LS)
|
Batting: LHB Jim Unknown
|
0-0: Called Strike 0-1: SINGLE (Line Drive, 8LS) Nelson Martínez to second
|
Batting: RHB Abdul-Fattah bin Najjar
|
0-0: Called Strike 0-1: Foul Ball, location: 2F 0-2: Ball 1-2: Ball 2-2: Fly out, F9 (Flyball, 9LMF)
|
Bottom of the 14th over - 0 run(s), 2 hit(s), 0 error(s), 2 left on base; Niagara Falls 1 - Kennesaw 1 |
TOP OF THE 15TH |
Niagara Falls Expos batting - Pitching for Kennesaw Jets : RHP Ángel Rivera
|
Batting: SHB Orlando Miranda
|
0-0: Swinging Strike 0-1: Ball 1-1: Swinging Strike 1-2: Ball 2-2: Strikes out swinging
|
Batting: LHB Jorge Borbón
|
0-0: Called Strike 0-1: Ball 1-1: Called Strike 1-2: Strikes out swinging
|
Batting: LHB Ramón Gómez
|
0-0: Fly out, F9 (Flyball, 89D)
|
Top of the 15th over - 0 run(s), 0 hit(s), 0 error(s), 0 left on base; Niagara Falls 1 - Kennesaw 1 |
BOTTOM OF THE 15TH |
Kennesaw Jets batting - Pitching for Niagara Falls Expos : RHP Jim Unknown
|
Batting: RHB Clarence Therrien
|
0-0: Ball 1-0: Foul Ball, location: 2F 1-1: Ball 2-1: Fly out, F8 (Flyball, 8RM)
|
Batting: RHB Raúl Javier Jr.
|
0-0: Ball 1-0: Foul Ball, location: 2F 1-1: Swinging Strike 1-2: Ball 2-2: Foul Ball, location: 2F 2-2: SOLO HOME RUN (Flyball, 9D), Distance : 341 ft
|
|